 Dungeon Crawl Stone Soup version 0.31-a0-435-g2c6fae2916 (webtiles) character file.

Game seed: 7579857499775514690

2004 Bnni the Magician (level 9, 67/67 HPs)
             Began as a Djinni Fire Elementalist on Aug 1, 2023.
             Was an Initiate of Ashenzari.
             Quit the game on level 7 of the Dungeon.
             The game lasted 00:16:11 (5855 turns).

Bnni the Magician (Djinni Fire Elementalist)        Turns: 5855, Time: 00:16:11

Health: 67/67      AC: 13    Str:  7    XL:     9   Next: 45%
Gold:   428        EV: 15    Int: 21    God:    Ashenzari [......] SH:  0 Dex: 14

rFire   + + .        B - +0 whip (elec)
rCold   x . .        (no shield)
rNeg    + . .        E - +2 ring mail {rPois}
rPois   ∞            e - +1 helmet
rElec   .            x - +2 cloak
rCorr   .            d - +0 pair of gloves "Share My Augurer" {Melee, Elem} (curse)
SInv    .            (boots unavailable)
Will    .....        q - amulet of the acrobat
Stlth   +            C - +5 ring of evasion
HPRegen 0.31/turn    a - ring of positive energy
MPRegen 0.00/turn

%: acrobat
@: flying
A: sickness immunity, fire resistance 2, cold vulnerability 1, float, innate
caster, HP casting, extra vitality 1
a: Renounce Religion, Curse Item, Shatter the Chains


You were on level 7 of the Dungeon.
You worshipped Ashenzari.
Ashenzari was noncommittal.
You visited 2 branches of the dungeon, and saw 8 of its levels.

You collected 428 gold pieces.

Inventory:

Hand Weapons
 B - a +0 whip of electrocution (weapon)
Missiles
 p - 16 poisoned darts
Armour
 d - the cursed +0 pair of gloves "Share My Augurer" (worn) {Melee, Elem}
   (You found it on level 1 of the Dungeon)

   It has a curse which improves the following skills: Melee Combat: Short
   Blades, Long Blades, Axes, Maces & Flails, Polearms, Staves and Unarmed
   Combat.
   Elements:  Fire Magic, Ice Magic, Air Magic and Earth Magic.
 e - a +1 helmet (worn)
 x - a +2 cloak (worn)
 E - a +2 ring mail of poison resistance (worn)
Magical Staves
 t - a staff of air
Jewellery
 a - a ring of positive energy (right hand)
 q - an amulet of the acrobat (around neck)
 C - a +5 ring of evasion (left hand)
Wands
 u - a wand of charming (20)
Scrolls
 f - 4 scrolls of teleportation {unknown}
 h - a scroll of poison {unknown}
 i - 2 scrolls of fear {unknown}
 j - 3 scrolls of fog {unknown}
 k - a scroll of brand weapon {unknown}
 l - 3 scrolls of revelation {unknown}
 n - 3 scrolls of blinking {unknown}
 s - 3 scrolls of identify {unknown}
 v - a scroll of amnesia {unknown}
 y - a scroll of immolation {unknown}
 D - 3 scrolls of noise {unknown}
Potions
 b - 2 potions of curing {unknown}
 c - 3 potions of heal wounds
 g - 2 potions of lignification
 m - a potion of resistance
 o - a potion of ambrosia {unknown}
 r - a potion of enlightenment
 w - 3 potions of cancellation {unknown}
 z - a potion of magic {unknown}
 A - a potion of attraction {unknown}


   Skills:
 + Level 6.6 Fighting
 - Level 2.1 Dodging
 - Level 1.5 Stealth
 * Level 7.8 Spellcasting
 * Level 7.8 Conjurations
 * Level 7.8 Hexes
 * Level 7.8 Summonings
 * Level 7.8 Necromancy
 * Level 7.8 Translocations
 * Level 7.8 Transmutations
 * Level 7.8(8.2) Fire Magic
 * Level 7.8(8.2) Ice Magic
 * Level 7.8(8.2) Air Magic
 * Level 7.8(8.2) Earth Magic
 * Level 7.8 Poison Magic


You knew the following spells:

 Your Spells              Type           Power      Damage    Failure   Level
a - Foxfire               Conj/Fire      100%       2x1d9     1%          1
b - Scorch                Fire           84%        2d8       1%          2
c - Inner Flame           Hex/Fire       42%        N/A       3%          3
d - Volatile Blastmotes   Fire/Tloc      84%        2d17      3%          3
e - Flame Wave            Conj/Fire      42%        2d11      11%         4
f - Kiss of Death         Conj/Necr      100%       2d13      1%          1
g - Wereblood             Tmut           41%        N/A       1%          2
h - Portal Projectile     Hex/Tloc       82%        N/A       3%          3
i - Fulminant Prism       Conj/Hex       20%        3d12      12%         4
Your spell library was empty.

Dungeon Overview and Level Annotations

Branches:
Dungeon (7/15)             Temple (1/1) D:5

Altars:
Ashenzari
Cheibriados
Elyvilon
Fedhas
Gozag
Hepliaklqana
Makhleb
Okawaru
Qazlal
Ru
Trog
Uskayaw
Wu Jian
Yredelemnul
Zin
The Shining One


Innate Abilities, Weirdness & Mutations

You are immune to sickness and miasma.
You are immune to poison.
Your flesh is very heat resistant. (rF++)
You are vulnerable to cold. (rC-)
You float through the air rather than walking.
You learn spells naturally, not from books.
Your magical power is your life essence.
You have superior vitality. (+4 MHP)


Message History

Aiming: Inner Flame (dangerous; 3% risk of failure)
Press: ? - help, Dir - move target, f/p - sky beast
Aim: a sky beast (heavily wounded, chance to affect: 90%)
The sky beast is filled with an inner flame.
The sky beast hits you but does no damage.
Unknown command.
The cloud of blastmotes explodes!
The concussive blast engulfs the sky beast!
Flame seeps out of the sky beast.
The sky beast is almost dead.
The concussive blast engulfs you. You resist.
You are knocked back by the blast.
You see here a +0 robe.
You hear a distant slurping noise.
The sky beast is engulfed in blazing flames.
The sky beast explodes!
Welcome back, Bnni the Djinni Fire Elementalist.
Ashenzari says: Partake of my vision.
Partake of my curse.
Press ? for a list of commands and other information.
HP restored.
You see here a +0 robe.
You now have 398 gold pieces (gained 19).
You now have 417 gold pieces (gained 19).
a - a ring of positive energy
a - a ring of positive energy (right hand)
Found a leather armour.
You now have 428 gold pieces (gained 11).
As you open the door, it creaks loudly!
Found a club.
There is an open door here.
You see here a +0 club.
You reach down and open the door. 5 killer bees come into view.
The killer bee buzzes angrily. x3
Ashenzari invites you to partake of a vision and a curse of fortitude and melee combat.
Found a whip, 12 gold pieces, a dagger and a short sword.
Okay, then.
Unknown command.
Okay, then.
Are you sure you want to abandon this character and quit the game? (Confirm with "yes".)

#.....##....#.......#)#
####.....+...............#
#........#######.......###
#.........# #.......#
#.........# #.......#
#.........# #.#######
#.........# #.#
#.#)).....# #.#
#.#"))....# #@#
#.#.<#+#### #y# #.#### )y.
.. ....$ .. ..yyy.# ..
.......# ).......#
.....#####


You could see 5 killer bees.

Vanquished Creatures
  A wyvern (D:4)
  Eustachio (D:5)
  A water moccasin (D:7)
  A sky beast (D:7)
  An ice beast (D:6)
  2 black bears (D:5)
  An ogre (D:6)
  A centaur (D:6)
  A gnoll sergeant (D:6)
  3 scorpions
  2 howler monkeys
  6 orc priests
  3 hounds
  A jelly (D:5)
  2 iguanas (D:5)
  3 orc wizards (D:5)
  13 gnolls
  7 adders
  A shadow imp (D:5)
  2 white imps
  An ufetubus (D:5)
  2 worms
  2 dart slugs
  27 orcs
  8 endoplasms
  4 giant cockroaches
  8 goblins
  12 hobgoblins
  6 kobolds
  4 quokkas
  6 ball pythons
  7 bats
  20 frilled lizards
  10 rats
170 creatures vanquished.

Vanquished Creatures (others)
  217 foxfires
217 creatures vanquished.

Grand Total: 387 creatures vanquished

Notes
Turn   | Place    | Note
-------+----------+-------------------------------------------
     0 | D:1      | Bnni the Djinni Fire Elementalist began the quest for the
                  | Orb.
     0 | D:1      | Bnni set off with the following spells memorised: Foxfire,
                  | Scorch, Volatile Blastmotes, Inner Flame, Flame Wave.
     0 | D:1      | Reached XP level 1. HP: 15/15 MP: 0/0
    74 | D:1      | Reached XP level 2. HP: 20/22 MP: 0/0
   167 | D:1      | Reached skill level 1 in Fighting
   330 | D:1      | Reached XP level 3. HP: 26/27 MP: 0/0
   330 | D:1      | Learned a level 1 spell: Kiss of Death
   913 | D:2      | Reached XP level 4. HP: 28/33 MP: 0/0
  1564 | D:3      | Found a faded altar of an unknown god.
  1654 | D:3      | Reached XP level 5. HP: 30/38 MP: 0/0
  1654 | D:3      | Learned a level 2 spell: Wereblood
  1882 | D:3      | Reached XP level 6. HP: 33/45 MP: 0/0
  2125 | D:3      | Identified the +2 war axe of Causality {flame, Will+}
  2440 | D:4      | Noticed a wyvern
  2449 | D:4      | Killed a wyvern
  2450 | D:4      | Reached skill level 5 in Spellcasting
  2450 | D:4      | Reached skill level 5 in Conjurations
  2450 | D:4      | Reached skill level 5 in Hexes
  2450 | D:4      | Reached skill level 5 in Summonings
  2450 | D:4      | Reached skill level 5 in Necromancy
  2450 | D:4      | Reached skill level 5 in Translocations
  2450 | D:4      | Reached skill level 5 in Transmutations
  2450 | D:4      | Reached skill level 5 in Fire Magic
  2450 | D:4      | Reached skill level 5 in Ice Magic
  2450 | D:4      | Reached skill level 5 in Air Magic
  2450 | D:4      | Reached skill level 5 in Earth Magic
  2450 | D:4      | Reached skill level 5 in Poison Magic
  2450 | D:4      | Reached XP level 7. HP: 10/50 MP: 0/0
  2450 | D:4      | Learned a level 3 spell: Portal Projectile
  3142 | D:5      | Entered Level 5 of the Dungeon
  3291 | D:5      | Found a staircase to the Ecumenical Temple.
  3322 | Temple   | Entered the Ecumenical Temple
  3326 | Temple   | Became a worshipper of Ashenzari the Shackled
  3349 | D:5      | Reached XP level 8. HP: 49/58 MP: 0/0
  3387 | D:5      | Noticed Eustachio
  3392 | D:5      | Killed Eustachio
  3454 | D:5      | Reached skill level 5 in Fighting
  4497 | D:5      | Found a snail-covered altar of Cheibriados.
  4945 | D:6      | Reached XP level 9. HP: 63/66 MP: 0/0
  4945 | D:6      | Learned a level 4 spell: Fulminant Prism
  5379 | D:6      | Found a glowing golden altar of the Shining One.
  5380 | D:6      | Found a burning altar of Makhleb.
  5855 | D:7      | Quit the game

Illustrated notes

Levels and vault maps discovered:
D:1:      ebering_hopf_link, layout_basic
D:2:      layout_loops_cross, minmay_split_cup_large
D:3:      layout_rooms, basic_ecumenical_altar, minmay_lizard_king
D:4:      layout_gridville, kennysheep_generic_room_3
D:5:      layout_layer_cave, mainiacjoe_overflow_alcove_4,
          minmay_temple_entry_sparse_star, uniq_eustachio
D:6:      layout_rooms, mainiacjoe_overflow_divided_tiny
D:7:      layout_basic
Temple:   kb_temple_of_zot

Skill      XL: |  1  2  3  4  5  6  7  8  9 |
---------------+----------------------------+-----
Spellcasting   | 4 5 7 |  7.8
Conjurations   | 4 5 7 |  7.8
Hexes          | 4 5 7 |  7.8
Summonings     | 4 5 7 |  7.8
Necromancy     | 4 5 7 |  7.8
Translocations | 4 5 7 |  7.8
Transmutations | 4 5 7 |  7.8
Fire Magic     | 4 5 7 |  7.8
Ice Magic      | 4 5 7 |  7.8
Air Magic      | 4 5 7 |  7.8
Earth Magic    | 4 5 7 |  7.8
Poison Magic   | 4 5 7 |  7.8
Fighting       | 1 2 3 4 5 6 |  6.6
Dodging        | |  2.1
Stealth        | |  1.5

Action                     |  1- 3 |  4- 6 |  7- 9 || total
---------------------------+-------+-------+-------++-------
  Melee: Unarmed           |     8 |       |       ||     8
         Whip              |    23 |   106 |    95 ||   224
         Punch             |       |     1 |     1 ||     2
   Cast: Foxfire           |    33 |    44 |    55 ||   132
         Scorch            |       |     6 |       ||     6
         Inner Flame       |       |     4 |    23 ||    27
         Volatile Blastmot |       |     2 |    17 ||    19
         Flame Wave        |       |       |     6 ||     6
 Invoke: Curse Item        |       |       |     1 ||     1
    Use: Potion            |       |       |     4 ||     4
   Stab: Sleeping          |     1 |     5 |     1 ||     7
 Armour: Robe              |    19 |    48 |    31 ||    98
         Skin              |       |       |    25 ||    25
         Ring mail         |       |       |     9 ||     9
  Dodge: Dodged            |    32 |    90 |   127 ||   249

Table legend: (Time is in decaauts)
 A = Elapsed time spent in this place.
 B = Non-inter-level travel time spent in this place.
 C = Inter-level travel time spent in this place.
 D = Time resting spent in this place.
 E = Time spent auto-exploring this place.
 F = Levels seen in this place.
 G = Mean time per level.
                   A        B        C        D        E       F      G
               +--------+--------+--------+--------+--------+-----+--------+
         Total |   5874 |   5769 |    105 |    346 |   4348 |   8 |  734.2 |
       Dungeon |   5865 |   5763 |    102 |    346 |   4348 |   7 |  837.9 |
        Temple |      8 |      5 |      3 |      0 |      0 |   1 |    8.0 |
               +--------+--------+--------+--------+--------+-----+--------+

Top non-repeatable levels by time:
     D:5: 1495 daAuts
     D:6: 1013 daAuts
     D:2: 882 daAuts
     D:3: 847 daAuts
     D:4: 750 daAuts
     D:1: 676 daAuts
     D:7: 200 daAuts
  Temple: 8 daAuts
